 Dungeon Crawl Stone Soup version 0.31-a0-18-gea43df2a32 (webtiles) character file.

Game seed: 14382109930755181632

193 sircluck the Sneak (level 6, -2/36 HPs)
             Began as a Kobold Brigand on May 9, 2023.
             Splashed by a jelly's acid (7 damage)
             ... on level 5 of the Dungeon.
             The game lasted 00:06:08 (4156 turns).

sircluck the Sneak (Kobold Brigand)                 Turns: 4156, Time: 00:06:10

Health: -2/36      AC: -4    Str:  9    XL:     6   Next: 3%
Magic:  15/15      EV: 15    Int: 12    God:
Gold:   221        SH:  0    Dex: 18    Spells: 4/5 levels left

rFire   . . .        a - +2 dagger
rCold   . . .        (no shield)
rNeg    . . .        b - +0 robe
rPois   .            p - +0 helmet
rElec   .            t - scarf {repulsion}
rCorr   .            g - +0 pair of gloves
SInv    .            (no boots)
Will    .....        i - amulet of magic regeneration
Stlth   +++++        f - ring of magical power
HPRegen 0.26/turn    (no ring)
MPRegen 0.54/turn

%: repel missiles
@: corroded
A: small, no large weapons, nightstalker 3
a: no special abilities


You were on level 5 of the Dungeon.
You visited 1 branch of the dungeon, and saw 5 of its levels.

You collected 221 gold pieces.

Inventory:

Hand Weapons
 a - a +2 dagger (weapon)
Missiles
 d - 15 poisoned darts (quivered)
 e - 3 curare-tipped darts
 j - 47 stones
Armour
 b - a +0 robe (worn)
 c - a +0 cloak
 g - a +0 pair of gloves (worn)
 p - a +0 helmet (worn)
 t - a scarf of repulsion (worn)
Jewellery
 f - a ring of magical power (left hand)
 i - an amulet of magic regeneration (around neck)
 y - a +5 ring of evasion
Wands
 w - a wand of roots (1)
Scrolls
 h - 3 scrolls of teleportation {unknown}
 k - a scroll of enchant armour {unknown}
 l - 2 scrolls of acquirement {unknown}
 n - a scroll of fear {unknown}
 o - a scroll of magic mapping {unknown}
 u - 3 scrolls of enchant weapon {unknown}
 v - 4 scrolls of identify {unknown}
 x - 2 scrolls of immolation {unknown}
 z - a scroll of amnesia {unknown}
Potions
 m - 2 potions of degeneration {unknown}
 q - a potion of heal wounds {unknown}
 r - a potion of berserk rage {unknown}
 s - a potion of ambrosia {unknown}
 A - a potion of haste {unknown}


   Skills:
 + Level 2.7 Fighting
 + Level 3.9 Short Blades
 + Level 3.0 Throwing
 + Level 2.4 Dodging
 + Level 7.4 Stealth
 + Level 0.4 Spellcasting
 + Level 0.3 Conjurations
 + Level 0.3 Air Magic


You had 4 spell levels left.
You knew the following spells:

 Your Spells              Type           Power      Damage    Failure   Level
a - Shock                 Conj/Air       4%         1d3       28%         1

Your spell library contained the following spells:

 Spells                   Type           Power      Damage    Failure   Level
 Beastly Appendage        Tmut           0%         N/A       32%         1
 Wereblood                Tmut           0%         N/A       43%         2
 Swiftness                Air            1%         N/A       63%         3
 Spider Form              Tmut/Pois      0%         N/A       67%         3
 Airstrike                Air            0%         2d(1-17)  95%         4


Dungeon Overview and Level Annotations

Branches:
Dungeon (5/15)
 Temple: D:4-7

Altars:
Sif Muna

Shops:
D:1 [

Annotations:
D:3 3 runed translucent doors, BlasphemerAmon's ghost, amateur HOFi; GreenGuy14's ghost, amateur DsIE; OldManVictorn's ghost, weakling GnDe; bande's ghost, amateur GrFi


Innate Abilities, Weirdness & Mutations

You are small and have problems with some larger weapons.
You are completely attuned to the shadows.


Message History

You are too injured to fight recklessly!
The jelly attacks as you move away! The jelly misses you.
The jelly attacks as you move away! The jelly closely misses you.
The jelly attacks as you move away! The jelly completely misses you.
The jelly attacks as you move away! The jelly closely misses you.
The jelly attacks as you move away! The jelly barely misses you.
Found a scroll labelled VAIL CEEMOIPO.
The jelly jiggles.
You hit the jelly.
Your hands burn!
* * * LOW HITPOINT WARNING * * *
The jelly is heavily wounded.
The jelly attacks as you move away! The jelly misses you.
Aiming: Fastroot
Press: ? - help, Q - select action, (/) - cycle Shift-Dir - straight line The roots erupt in riotous growth!
The jelly is unaffected.
You hear a shout! x3
The jelly misses you. The jelly closely misses you.
The jelly barely misses you. The jelly attacks as you move away!
The jelly misses you.
There is a stone staircase leading down here.
Aiming: Fastroot
Press: ? - help, Q - select action, (/) - cycle Shift-Dir - straight line
Okay, then.
Aiming: Fastroot
Press: ? - help, Q - select action, (/) - cycle Shift-Dir - straight line The roots erupt in riotous growth!
The jelly is unaffected.
You hear a shout!
The jelly closely misses you.
You hit the jelly but do no damage.
Your hands burn!
* * * LOW HITPOINT WARNING * * *
The jelly is heavily wounded.
The jelly completely misses you.
You hit the jelly but do no damage.
Your hands burn!
* * * LOW HITPOINT WARNING * * *
The jelly is heavily wounded.
The jelly hits you.
* * * LOW HITPOINT WARNING * * *
You are splashed with acid!
You die...

...##.....####...
...##.#..
#####............
#......#
###.####.#...
##..### #...##.####
###...... #.#.#...#
#.....##. #...#.#
#.#...# ##..#.#
###.#.#.#
###..#.####...#.#.#
#....#.#J@........#
..##...>.#.####.###
.##..#.##..##...#
#..#.##.....###
#.....#..####
....##.....#
....##....?#
.........#..#
.......#......


You could see a jelly.

Vanquished Creatures
  A scorpion (D:4)
  A hound (D:4)
  Jessica (D:3)
  2 adders (D:2)
  2 dart slugs
  6 orcs
  6 ball pythons
  6 endoplasms
  A giant cockroach (D:1)
  4 goblins
  9 hobgoblins
  2 jackals (D:1)
  2 quokkas
  3 bats
  2 frilled lizards (D:1)
  5 kobolds
53 creatures vanquished.

Notes
Turn   | Place    | Note
-------+----------+-------------------------------------------
     0 | D:1      | sircluck the Kobold Brigand began the quest for the Orb.
     0 | D:1      | Reached XP level 1. HP: 12/12 MP: 1/1
   100 | D:1      | Found Biel's Antique Armour Shop.
   134 | D:1      | Reached XP level 2. HP: 17/17 MP: 2/2
   241 | D:1      | Found a faded altar of an unknown god.
  1024 | D:2      | Reached skill level 6 in Stealth
  1024 | D:2      | Reached XP level 3. HP: 21/21 MP: 3/3
  1233 | D:2      | Learned a level 1 spell: Shock
  1629 | D:2      | Reached XP level 4. HP: 27/27 MP: 4/4
  2111 | D:3      | Noticed Jessica
  2114 | D:3      | Killed Jessica
  2463 | D:3      | Found a runed translucent gate.
  2468 | D:3      | Found a runed translucent gate.
  2469 | D:3      | Found a runed translucent gate.
  2492 | D:3      | Reached XP level 5. HP: 31/31 MP: 5/5
  2496 | D:3      | Found a shimmering blue altar of Sif Muna.
  2533 | D:3      | Noticed GreenGuy14's ghost (amateur DsIE)
  2533 | D:3      | Noticed bande's ghost (amateur GrFi)
  2534 | D:3      | Noticed BlasphemerAmon's ghost (amateur HOFi)
  2534 | D:3      | Noticed OldManVictorn's ghost (weakling GnDe)
  3022 | D:4      | Reached skill level 7 in Stealth
  3634 | D:4      | Reached XP level 6. HP: 36/36 MP: 6/6
  3926 | D:5      | Entered Level 5 of the Dungeon
  4156 | D:5      | Splashed by a jelly's acid

Illustrated notes

Levels and vault maps discovered:
D:1:      doesnt_arrival_eight_statues, layout_basic, serial_shops, shop,
          hellmonk_ecumenical_altar_pennies_from_heaven
D:2:      minmay_door_path, layout_basic, minmay_small_reverse_x
D:3:      layout_rooms, kennysheep_orc_sif_temple, gammafunk_ghost_cemetery,
          uniq_jessica
D:4:      layout_cave_pods
D:5:      layout_rooms, chequers_mini_garden, uniq_menkaure

Skill      XL: |  1  2  3  4  5 |
---------------+----------------+-----
Stealth        | 6 7 |  7.4
Short Blades   | 3 |  3.9
Dodging        | 2 |  2.4
Throwing       | 3 |  3.0
Fighting       | |  2.7
Spellcasting   | |  0.4
Conjurations   | |  0.3
Air Magic      | |  0.3

Action                     |  1- 3 |  4- 6 || total
---------------------------+-------+-------++-------
  Melee: Dagger            |    49 |    85 ||   134
         Punch             |       |     3 ||     3
  Throw: Dart              |     7 |     7 ||    14
   Cast: Shock             |     1 |     5 ||     6
  Evoke: Wand              |       |     2 ||     2
   Stab: Sleeping          |    10 |    11 ||    21
 Armour: Robe              |    13 |     9 ||    22
  Dodge: Dodged            |    44 |    57 ||   101

Table legend: (Time is in decaauts)
 A = Elapsed time spent in this place.
 B = Non-inter-level travel time spent in this place.
 C = Inter-level travel time spent in this place.
 D = Time resting spent in this place.
 E = Time spent auto-exploring this place.
 F = Levels seen in this place.
 G = Mean time per level.
                   A        B        C        D        E       F      G
               +--------+--------+--------+--------+--------+-----+--------+
         Total |   4146 |   3583 |    563 |      0 |   2980 |   5 |  829.2 |
       Dungeon |   4146 |   3583 |    563 |      0 |   2980 |   5 |  829.2 |
               +--------+--------+--------+--------+--------+-----+--------+

Top non-repeatable levels by time:
     D:2: 1129 daAuts
     D:4: 1036 daAuts
     D:1: 972 daAuts
     D:3: 907 daAuts
     D:5: 101 daAuts
